 Dungeon Crawl Stone Soup version 0.23-a0-681-g26ad783 (webtiles) character file.

528 Lanoc the Cutter (level 7, -9/48 HPs)
             Began as a Halfling Chaos Knight on Jan 10, 2019.
             Was a Plaything of Xom.
             Shot with an arrow by a centaur (12 damage)
             ... on level 6 of the Dungeon.
             The game lasted 00:06:28 (2995 turns).

Lanoc the Cutter (Halfling Chaos Knight)            Turns: 2995, Time: 00:06:29

Health: -9/48      AC:  7    Str: 13    XL:     7   Next: 48%
Magic:  7/7        EV: 21    Int: 10    God:    Xom [..*...]
Gold:   188        SH:  0    Dex: 21    Spells: 6/6 levels left

rFire    . . .     SeeInvis .   a - +0 short sword (chaos)
rCold    . . .     Gourm    .   (shield restricted)
rNeg     . . .     Faith    .   b - +3 leather armour
rPois    .         Spirit   .   (no helmet)
rElec    .         Reflect  .   o - +0 cloak
rCorr    .         Harm     .   (no gloves)
MR       .....                  (no boots)
Stlth    +++.......             (no amulet)
HPRegen  0.16/turn              (no ring)
MPRegen  0.10/turn              (no ring)

@: agile
A: small, mutation resistance 1
a: Renounce Religion


You were on level 6 of the Dungeon.
You worshipped Xom.
You were a toy of Xom.
You were not hungry.

You visited 1 branch of the dungeon, and saw 4 of its levels.

You collected 188 gold pieces.

Inventory:

Hand Weapons
 a - a +0 short sword of chaos (weapon)
Missiles
 j - 59 sling bullets
Armour
 b - a +3 leather armour (worn)
 o - a +0 cloak (worn)
Wands
 l - a wand of random effects (15)
Scrolls
 h - a scroll of remove curse
Potions
 d - 2 potions of lignification
 f - a potion of magic
 q - a potion of berserk rage {unknown}
Comestibles
 c - 8 rations
 g - 8 chunks of flesh


   Skills:
 + Level 4.0 Fighting
 * Level 6.7 Short Blades
 + Level 4.1 Armour
 + Level 3.6 Dodging


You had 6 spell levels left.
You didn't know any spells.
Your spell library was empty.

Dungeon Overview and Level Annotations

Branches:
Dungeon (3/15)             Temple (0/1) D:6

Altars:
Makhleb
Qazlal
Yredelemnul


Innate Abilities, Weirdness & Mutations

You are small and have problems with some larger weapons.
You are somewhat resistant to further mutation.


Message History

* * * LOW HITPOINT WARNING * * *
The bullfrog skeleton misses you.
You see here an arrow.
The centaur shoots an arrow.
The arrow hits you.
* * * LOW HITPOINT WARNING * * *
You see here an arrow.
You feel better.
The centaur shoots an arrow.
The arrow completely misses you.
The bullfrog skeleton closely misses you. "Go forth and cause havoc, mortal!"
You feel agile all of a sudden.
The centaur shoots an arrow.
The arrow completely misses you.
The arrow hits the bullfrog skeleton but does no damage.
The centaur shoots an arrow.
The arrow hits you!
* * * LOW HITPOINT WARNING * * *
The bullfrog skeleton barely misses you.
The centaur shoots an arrow.
The arrow misses you.
Found a ring mail.
The centaur shoots an arrow.
The arrow hits you!
You die...
Xom snickers!

# ##........... #.
#.............
#..#
##.............
#..#..............
#..(............
##.((...........
##..((..........
#...............
#...(..Z.@.c.....
...###............
#### ##...........
.. ##..........
..# ##.........
.W..# ##........
...... ##.......
....... ..[....
........ ........


You could see a centaur and a bullfrog skeleton.

Vanquished Creatures
  2 ogres (D:6)
  A scorpion (D:6)
  A hound (D:6)
  Crazy Yiuf (D:2)
  Terence (D:2)
  Natasha (thrice) (D:2)
  A worker ant (D:6)
  An adder (D:3)
  4 gnolls
  4 leopard geckos
  10 orcs (D:3)
  2 giant cockroaches
  6 goblins
  6 hobgoblins
  13 jackals
  6 kobolds
  6 bats
  2 frilled lizards (D:1)
  9 rats
79 creatures vanquished.

Notes
Turn   | Place    | Note
-------+----------+-------------------------------------------
     0 | D:1      | Lanoc the Halfling Chaos Knight began the quest for the
                  | Orb.
     0 | D:1      | Reached XP level 1. HP: 15/15 MP: 1/1
    98 | D:1      | Reached XP level 2. HP: 10/20 MP: 2/2
   114 | D:1      | Reached skill level 4 in Short Blades
   156 | D:1      | XOM: harmless Tloc miscast
   275 | D:1      | XOM: harmless Tmut miscast
   291 | D:1      | XOM: silly message
   307 | D:1      | XOM: harmless Chrm miscast
   332 | D:1      | XOM: harmless Erth miscast
   507 | D:1      | Reached XP level 3. HP: 19/25 MP: 3/3
   636 | D:1      | XOM: harmless Tloc miscast
   747 | D:1      | XOM: harmless Conj miscast
   760 | D:1      | Reached XP level 4. HP: 18/31 MP: 4/4
   844 | D:1      | XOM: harmless Tloc miscast
   908 | D:2      | Noticed Terence
   923 | D:2      | Killed Terence
   957 | D:2      | XOM: harmless Air miscast
   967 | D:2      | Noticed Natasha
   972 | D:2      | XOM: harmless Tmut miscast
   979 | D:2      | Killed Natasha
   979 | D:2      | Reached skill level 5 in Short Blades
   979 | D:2      | Reached XP level 5. HP: 21/36 MP: 5/5
  1304 | D:2      | Noticed Natasha
  1313 | D:2      | Killed Natasha
  1352 | D:2      | Noticed Natasha
  1373 | D:2      | Killed Natasha
  1484 | D:2      | Found a runed door.
  1488 | D:2      | Noticed Crazy Yiuf
  1490 | D:2      | XOM: butterfly on damage
  1513 | D:2      | Killed Crazy Yiuf
  1513 | D:2      | Reached XP level 6. HP: 25/42 MP: 6/6
  1771 | D:3      | XOM: snakes to sticks
  1802 | D:3      | XOM: 3-stop teleportation journey
  1829 | D:3      | Found a basalt altar of Yredelemnul.
  1841 | D:3      | Found a burning altar of Makhleb.
  2062 | D:3      | XOM: mild Tloc miscast
  2215 | D:3      | XOM: harmless Erth miscast
  2388 | D:3      | Found a stormy altar of Qazlal.
  2526 | D:3      | XOM: harmless Hex miscast
  2567 | D:3      | XOM: silly message
  2783 | D:3      | XOM: harmless Tloc miscast
  2790 | D:3      | You fall through a shaft for 3 floors!
  2796 | D:6      | Reached skill level 6 in Short Blades
  2801 | D:6      | Noticed a phantom
  2815 | D:6      | Found a staircase to the Ecumenical Temple.
  2821 | D:6      | Noticed an ogre
  2830 | D:6      | XOM: potion effect (agility)
  2832 | D:6      | HP: 2/43 [ogre/+0 giant club (32)]
  2832 | D:6      | XOM: butterfly on damage
  2837 | D:6      | Killed an ogre
  2837 | D:6      | Reached XP level 7. HP: 13/47 MP: 7/7
  2993 | D:6      | XOM: potion effect (agility)
  2993 | D:6      | HP: 2/48 [centaur/arrow (10)]
  2995 | D:6      | Shot with an arrow by a centaur

Vault maps used:
D:1:      minmay_arrival_three_doors
D:2:      first_ration, uniq_crazy_yiuf_cottage, uniq_terence, uniq_natasha
D:3:      nicolae_overflow_hidden_temple, amethyst_overflow_temple_binary,
          chequers_ecumenical_altar_lobes
D:6:      kennysheep_mini, fiery_altar_vehumet,
          minmay_temple_entry_statues_pillars, gup_sewer_entry_spiral

Skill      XL: |  1  2  3  4  5  6  7 |
---------------+----------------------+-----
Short Blades   | 4 5 6 |  6.7
Fighting       | 3 4 |  4.0
Dodging        | 2 3 |  3.6
Armour         | 3 4 |  4.1

Action                   |  1- 3 |  4- 6 |  7- 9 || total
-------------------------+-------+-------+-------++-------
Melee: Short sword       |    90 |   202 |    25 ||   317
  Use: Scroll            |       |     5 |     1 ||     6
       Potion            |       |     5 |     1 ||     6
 Stab: Paralysed         |     1 |     2 |       ||     3
       Sleeping          |       |     2 |     1 ||     3
  Eat: Chunk             |       |     6 |     1 ||     7
Armor: Leather armour    |    18 |    41 |     5 ||    64
Dodge: Dodged            |    51 |   131 |    41 ||   223

Table legend:
 A = Non-vault XP
 B = Vault XP
 C = Vault XP percentage of total XP
 D = Non-vault monster count
 E = Vault monster count
 F = Vault count percentage of total count
                 A         B        C        D         E       F
            +---------+---------+-------+---------+---------+-------
      Total |     641 |     114 |  15.1 |      76 |       3 |   3.8
            +---------+---------+-------+---------+---------+-------
        D:1 |      70 |       0 |   0.0 |      25 |       0 |   0.0
        D:2 |     113 |     114 |  50.2 |      12 |       3 |  20.0
        D:3 |      72 |       0 |   0.0 |      30 |       0 |   0.0
        D:6 |     386 |       0 |   0.0 |       9 |       0 |   0.0
            +---------+---------+-------+---------+---------+-------
